APP
OGDEN RAPTORS @ MISSOULA OSPREY
10/01/2048
 
TOP OF THE 1ST
Ogden Raptors batting - Pitching for Missoula Osprey : RHP Moises Baez
Pitching: RHP Moises Baez
Batting: RHB Felipe Rivera 0-0: Called Strike
0-1: Ball
1-1: Foul Ball, location: 2F
1-2: Ground out 6-3 (Groundball, 6, EV 86.2 MPH)
Batting: RHB Carlos Gonzalez 0-0: Ball
1-0: Foul Ball, location: 2F
1-1: Ball
2-1: Foul Ball, location: 2F
2-2: Ball
3-2: Hit by Pitch
Batting: RHB Jerry Sanchez 0-0: Ball
1-0: 2-RUN HOME RUN (Flyball, 7D, EV 95.6 MPH), Distance : 346 ft
Batting: LHB Pedro Garza 0-0: Ball
1-0: Ball
2-0: Ground out 3-1 (Groundball, 34, EV 98.8 MPH)
Batting: SHB Javy Franco 0-0: Ball
1-0: Foul Ball, location: 2F
1-1: Foul Ball, location: 2F
1-2: Strikes out swinging
Top of the 1st over - 2 runs, 1 hit, 0 errors, 0 left on base; Ogden 2 - Missoula 0
BOTTOM OF THE 1ST
Missoula Osprey batting - Pitching for Ogden Raptors : RHP Keith Birely
Pitching: RHP Keith Birely
Batting: RHB Mike Smith 0-0: Foul Ball, location: 2F
0-1: Ball
1-1: Fly out, F9 (Flyball, 9LM, EV 82.5 MPH)
Batting: RHB Hector Tabares 0-0: Ball
1-0: Ground out 6-3 (Groundball, 6, EV 85.6 MPH)
Batting: LHB Danny Salas 0-0: Ball
1-0: Called Strike
1-1: Ground out U3 (Groundball, 3, EV 81.2 MPH)
Bottom of the 1st over - 0 runs, 0 hits, 0 errors, 0 left on base; Ogden 2 - Missoula 0
TOP OF THE 2ND
Ogden Raptors batting - Pitching for Missoula Osprey : RHP Moises Baez
Batting: RHB Mike Kaczor 0-0: Ball
1-0: Foul Ball, location: 2F
1-1: Swinging Strike
1-2: Foul Ball, location: 2F
1-2: Ball
2-2: Foul Ball, location: 2F
2-2: Ball
3-2: Base on Balls
Batting: SHB Jason Todd 0-0: Ball
1-0: Fielders Choice at 2nd, 1-6 (Groundball, P, EV 74.4 MPH)
Batting: RHB Alex Diaz 0-0: Ball
1-0: Swinging Strike
1-1: Called Strike
Jason Todd steals 2nd, throwing error, E2
Jason Todd to third
1-2: Strikes out swinging
Batting: RHB Guillermo Puente 0-0: Ball
1-0: Called Strike
1-1: Ball
2-1: Ball
3-1: Foul Ball, location: 2F
3-2: Strikes out swinging
Top of the 2nd over - 0 runs, 0 hits, 1 error, 1 left on base; Ogden 2 - Missoula 0
BOTTOM OF THE 2ND
Missoula Osprey batting - Pitching for Ogden Raptors : RHP Keith Birely
Batting: LHB Ron Mills 0-0: Called Strike
0-1: Ball
1-1: Foul Ball, location: 2F
1-2: Strikes out looking
Batting: RHB Claude Leduc 0-0: Foul Ball, location: 2F
0-1: Ball
1-1: Ball
2-1: Ground out 6-3 (Groundball, 6, EV 80.6 MPH)
Batting: RHB Jose Cuellar 0-0: Ball
1-0: Foul Ball, location: 2F
1-1: Ball
2-1: Swinging Strike
2-2: Ball
3-2: Base on Balls
Batting: RHB David Powell 0-0: Fielders Choice at 2nd, 6-4 (Groundball, 6, EV 81.2 MPH)
Bottom of the 2nd over - 0 runs, 0 hits, 0 errors, 1 left on base; Ogden 2 - Missoula 0
TOP OF THE 3RD
Ogden Raptors batting - Pitching for Missoula Osprey : RHP Moises Baez
Batting: RHB Felipe Rivera 0-0: Fly out, F7 (Flyball, 7D, EV 94.4 MPH)
Batting: RHB Carlos Gonzalez 0-0: Foul Ball, location: 2F
0-1: Ball
1-1: Swinging Strike
1-2: Ball
2-2: Ball
3-2: Fly out, F9 (Flyball, 9S, EV 76.2 MPH)
Batting: RHB Jerry Sanchez 0-0: Called Strike
0-1: Ball
1-1: Ball
2-1: Foul Ball, location: 2F
2-2: Ball
3-2: Foul Ball, location: 2F
3-2: Foul Ball, location: 2F
3-2: Foul Ball, location: 2F
3-2: Ground out 5-3 (Groundball, 5S, EV 72.5 MPH)
Top of the 3rd over - 0 runs, 0 hits, 0 errors, 0 left on base; Ogden 2 - Missoula 0
BOTTOM OF THE 3RD
Missoula Osprey batting - Pitching for Ogden Raptors : RHP Keith Birely
Batting: RHB Juan Mejia 0-0: Called Strike
0-1: Foul Ball, location: 2F
0-2: SINGLE (Groundball, 56D, EV 104.4 MPH)
Batting: RHB Hyeok Shon 0-0: Foul Ball, location: 2F
0-1: Ball
1-1: Swinging Strike
1-2: Ball
2-2: Strikes out swinging
Batting: RHB Mike Smith 0-0: Ball
1-0: Ball
2-0: SINGLE (Groundball, 6S, EV 70.0 MPH) (infield hit)
Juan Mejia to second
Batting: RHB Hector Tabares 0-0: Called Strike
0-1: Hit by Pitch
Juan Mejia to third
Mike Smith to second
Batting: LHB Danny Salas 0-0: Ball
1-0: Ball
Balk!
Juan Mejia scores
Mike Smith to third
Hector Tabares to second
2-0: Foul Ball, location: 2F
2-1: Ground out 4-3 (Groundball, 4, EV 88.1 MPH)
Mike Smith scores
Hector Tabares to third
Batting: LHB Ron Mills 0-0: TRIPLE (Flyball, 78XD, EV 91.2 MPH)
Hector Tabares scores
Batting: RHB Claude Leduc 0-0: Ball
1-0: Ball
2-0: Called Strike
2-1: Ball
3-1: SINGLE (Line Drive, 5D, EV 99.4 MPH)
Ron Mills scores
Batting: RHB Jose Cuellar 0-0: Foul Ball, location: 2F
0-1: Swinging Strike
0-2: Strikes out swinging
Bottom of the 3rd over - 4 runs, 4 hits, 0 errors, 1 left on base; Ogden 2 - Missoula 4
TOP OF THE 4TH
Ogden Raptors batting - Pitching for Missoula Osprey : RHP Moises Baez
Batting: LHB Pedro Garza 0-0: Foul Ball, location: 2F
0-1: Ball
1-1: Swinging Strike
1-2: Strikes out swinging
Batting: SHB Javy Franco 0-0: Ball
1-0: Ball
2-0: Fly out, F7 (Flyball, 7LS, EV 72.5 MPH)
Batting: RHB Mike Kaczor 0-0: Called Strike
0-1: Fly out, F6 (Popup, 6M, EV 66.2 MPH)
Top of the 4th over - 0 runs, 0 hits, 0 errors, 0 left on base; Ogden 2 - Missoula 4
BOTTOM OF THE 4TH
Missoula Osprey batting - Pitching for Ogden Raptors : RHP Keith Birely
Batting: RHB David Powell 0-0: Swinging Strike
0-1: Ball
1-1: SINGLE (Groundball, 5D, EV 106.2 MPH)
Batting: RHB Juan Mejia 0-0: Ball
1-0: Ball
2-0: Called Strike
2-1: DOUBLE (Line Drive, 8LD, EV 100.6 MPH)
David Powell to third
Batting: RHB Hyeok Shon 0-0: Ball
1-0: Ball
2-0: Foul Ball, location: 2F
2-1: Ball
3-1: Foul Ball, location: 2F
3-2: Strikes out swinging
Batting: RHB Mike Smith 0-0: Hit by Pitch
Batting: RHB Hector Tabares 0-0: Ball
1-0: Grounds into double play, 3-6-3 (Groundball, 34S, EV 87.5 MPH)
Bottom of the 4th over - 0 runs, 2 hits, 0 errors, 2 left on base; Ogden 2 - Missoula 4
TOP OF THE 5TH
Ogden Raptors batting - Pitching for Missoula Osprey : RHP Moises Baez
Batting: SHB Jason Todd 0-0: Ball
1-0: Ball
2-0: Ball
3-0: Base on Balls
Batting: RHB Alex Diaz 0-0: Foul Ball, location: 2F
0-1: Called Strike
0-2: Strikes out swinging
Batting: RHB Guillermo Puente 0-0: Called Strike
0-1: Ball
1-1: Ball
2-1: Ball
3-1: Foul Ball, location: 2F
3-2: Strikes out swinging
Batting: RHB Felipe Rivera 0-0: Called Strike
0-1: Called Strike
Jason Todd is caught stealing 2nd base 2-4
Top of the 5th over - 0 runs, 0 hits, 0 errors, 0 left on base; Ogden 2 - Missoula 4
BOTTOM OF THE 5TH
Missoula Osprey batting - Pitching for Ogden Raptors : RHP Keith Birely
Batting: LHB Danny Salas 0-0: Ball
1-0: Called Strike
1-1: Ball
2-1: Ground out 4-3 (Groundball, 4M, EV 89.4 MPH)
Batting: LHB Ron Mills 0-0: Swinging Strike
0-1: Ball
1-1: Ball
2-1: Called Strike
2-2: Ball
3-2: Foul Ball, location: 2F
3-2: Base on Balls
Batting: RHB Claude Leduc 0-0: Swinging Strike
0-1: Foul Ball, location: 2F
0-2: Strikes out swinging
Batting: RHB Jose Cuellar 0-0: Ball
1-0: Swinging Strike
1-1: Foul Ball, location: 2F
1-2: Ball
2-2: Foul Ball, location: 2F
2-2: Foul Ball, location: 2F
2-2: SINGLE (Groundball, 25, EV 68.8 MPH) (infield hit)
Ron Mills to second
Pitching: RHP Willie Becerra
Batting: RHB David Powell 0-0: Fielders Choice at 2nd, 5-4 (Groundball, 5L, EV 107.5 MPH)
Bottom of the 5th over - 0 runs, 1 hit, 0 errors, 2 left on base; Ogden 2 - Missoula 4
TOP OF THE 6TH
Ogden Raptors batting - Pitching for Missoula Osprey : RHP Moises Baez
Batting: RHB Felipe Rivera 0-0: Ball
1-0: Swinging Strike
1-1: SOLO HOME RUN (Flyball, 7LD, EV 95.6 MPH), Distance : 354 ft
Batting: RHB Carlos Gonzalez 0-0: Ball
1-0: Called Strike
1-1: Ball
2-1: Called Strike
2-2: Ball
3-2: Strikes out looking
Batting: RHB Jerry Sanchez 0-0: Ball
1-0: Fly out, F9 (Flyball, 89M, EV 90.6 MPH)
Batting: LHB Pedro Garza 0-0: Swinging Strike
0-1: Ball
1-1: Foul Ball, location: 2F
1-2: Ball
2-2: Ball
3-2: Base on Balls
Pitching: RHP Jon Wernli
Batting: SHB Javy Franco 0-0: Foul Ball, location: 2F
0-1: Ball
1-1: Foul Ball, location: 2F
1-2: Ball
2-2: Strikes out swinging
Top of the 6th over - 1 run, 1 hit, 0 errors, 1 left on base; Ogden 3 - Missoula 4
BOTTOM OF THE 6TH
Missoula Osprey batting - Pitching for Ogden Raptors : RHP Willie Becerra
Batting: RHB Juan Mejia 0-0: Foul Ball, location: 2F
0-1: Ball
1-1: Fly out, F1 (Line Drive, P, EV 70.6 MPH)
Batting: RHB Hyeok Shon 0-0: Ball
1-0: Ball
2-0: Ball
3-0: Base on Balls
Batting: RHB Mike Smith 0-0: Ball
1-0: Ball
Hyeok Shon is caught stealing 2nd base 2-4
2-0: Called Strike
2-1: Ball
3-1: Base on Balls
Batting: RHB Hector Tabares 0-0: Ball
1-0: Called Strike
1-1: DOUBLE (Flyball, 78D, EV 98.8 MPH)
Mike Smith to third
Batting: LHB Danny Salas 0-0: Ball
1-0: Foul Ball, location: 2F
1-1: Ground out 5-3 (Groundball, 5L, EV 103.1 MPH)
Bottom of the 6th over - 0 runs, 1 hit, 0 errors, 2 left on base; Ogden 3 - Missoula 4
TOP OF THE 7TH
Ogden Raptors batting - Pitching for Missoula Osprey : RHP Jon Wernli
Batting: RHB Mike Kaczor 0-0: Foul Ball, location: 2F
0-1: Foul Ball, location: 2F
0-2: Ball
1-2: Ground out 6-3 (Groundball, 6M, EV 110.6 MPH)
Batting: SHB Jason Todd 0-0: Ball
1-0: Swinging Strike
1-1: Swinging Strike
1-2: Ball
2-2: Ball
3-2: Foul Ball, location: 2F
3-2: Fly out, F7 (Flyball, 7D, EV 99.4 MPH)
Pinch Hitting: LHB Jose Diaz 0-0: Ball
1-0: Foul Ball, location: 2F
1-1: Swinging Strike
1-2: Ball
2-2: Foul Ball, location: 2F
2-2: Ball
3-2: Strikes out swinging
Top of the 7th over - 0 runs, 0 hits, 0 errors, 0 left on base; Ogden 3 - Missoula 4
BOTTOM OF THE 7TH
Missoula Osprey batting - Pitching for Ogden Raptors : RHP Willie Becerra
Now in CF: Guillermo Puente
Now in RF: Kekoa Kahele
Batting: LHB Ron Mills 0-0: Called Strike
0-1: Ball
1-1: Ball
2-1: Ball
3-1: Ground out 4-3 (Groundball, 4, EV 90.6 MPH)
Batting: RHB Claude Leduc 0-0: SOLO HOME RUN (Flyball, 7D, EV 93.8 MPH), Distance : 348 ft
Batting: RHB Jose Cuellar 0-0: Called Strike
0-1: SINGLE (Groundball, 34D, EV 99.4 MPH)
Batting: RHB David Powell 0-0: Ball
1-0: Foul Ball, location: 2F
1-1: Swinging Strike
1-2: Foul Ball, location: 2F
1-2: Strikes out swinging
Batting: RHB Juan Mejia 0-0: Ball
1-0: Foul Ball, location: 2F
1-1: Called Strike
1-2: Ball
2-2: Strikes out swinging
Bottom of the 7th over - 1 run, 2 hits, 0 errors, 1 left on base; Ogden 3 - Missoula 5
TOP OF THE 8TH
Ogden Raptors batting - Pitching for Missoula Osprey : RHP Jon Wernli
Pinch Hitting: SHB Guy Jerome 0-0: Ball
1-0: Foul Ball, location: 2F
1-1: Foul Ball, location: 2F
1-2: Foul Ball, location: 2F
1-2: Ball
2-2: Ground out 2-3 (Groundball, 15S, EV 73.8 MPH)
Batting: RHB Felipe Rivera 0-0: Called Strike
0-1: Swinging Strike
0-2: Foul Ball, location: 2F
0-2: Foul Ball, location: 2F
0-2: Foul Ball, location: 2F
0-2: Strikes out swinging
Pitching: RHP Ramiz JambakurIan
Batting: RHB Carlos Gonzalez 0-0: Ball
1-0: Foul Ball, location: 2F
1-1: Swinging Strike
1-2: Ground out 4-3 (Groundball, 34, EV 85.6 MPH)
Top of the 8th over - 0 runs, 0 hits, 0 errors, 0 left on base; Ogden 3 - Missoula 5
BOTTOM OF THE 8TH
Missoula Osprey batting - Pitching for Ogden Raptors : RHP Willie Becerra
Now in CF: Kekoa Kahele
Now in RF: Bobby Altamirano
Batting: RHB Hyeok Shon 0-0: Ball
1-0: Ball
2-0: Ball
3-0: Base on Balls
Batting: RHB Mike Smith 0-0: Called Strike
Hyeok Shon steals 2nd base (no throw)
0-1: Ball
1-1: Ball
2-1: Called Strike
2-2: Strikes out swinging
Pitching: RHP Jeff Lewis
Batting: RHB Hector Tabares 0-0: TRIPLE (Flyball, 9D, EV 92.5 MPH)
Hyeok Shon scores
Batting: LHB Danny Salas 0-0: SINGLE (Groundball, 6M, EV 96.2 MPH)
Hector Tabares scores
Batting: LHB Ron Mills 0-0: Ball
Danny Salas is caught stealing 2nd base 2-6
1-0: SINGLE (Line Drive, 8LS, EV 106.9 MPH)
Batting: RHB Claude Leduc 0-0: Called Strike
0-1: Foul Ball, location: 2F
0-2: Strikes out swinging
Bottom of the 8th over - 2 runs, 3 hits, 0 errors, 1 left on base; Ogden 3 - Missoula 7
TOP OF THE 9TH
Ogden Raptors batting - Pitching for Missoula Osprey : RHP Ramiz JambakurIan
Batting: RHB Jerry Sanchez 0-0: Ball
1-0: Called Strike
1-1: Foul Ball, location: 2F
1-2: SINGLE (Line Drive, 9S, EV 105.6 MPH)
Batting: LHB Pedro Garza 0-0: Ball
1-0: Fielders Choice at 2nd, 6-4 (Groundball, 6, EV 88.8 MPH)
Batting: SHB Javy Franco 0-0: Foul Ball, location: 2F
0-1: Fielders Choice at 2nd, 4-6 (Groundball, 4, EV 107.5 MPH)
Batting: RHB Mike Kaczor 0-0: Called Strike
0-1: Ball
1-1: Swinging Strike
1-2: Foul Ball, location: 2F
1-2: Strikes out looking
Top of the 9th over - 0 runs, 1 hit, 0 errors, 1 left on base; Ogden 3 - Missoula 7
Tuesday, March 28th , 2023 - OOTP Baseball 23.10 Build 110